 Dungeon Crawl Stone Soup version 0.31.0-12-g77e489cdc1 (webtiles) character file.

Game seed: 12457851741392568582

111406 cowsaismoo the Severer (level 16, -4/160 HPs)
             Began as a Minotaur Berserker on Feb 28, 2024.
             Was an Elder of Trog.
             Slain by a nagaraja
             ... wielding a +0 halberd
              (14 damage)
             ... on level 4 of the Snake Pit on Mar 2, 2024.
             The game lasted 03:15:55 (33204 turns).

cowsaismoo the Severer (Minotaur Berserker)        Turns: 33204, Time: 03:15:55

Health: -4/160     AC: 25    Str: 30    XL:     16   Next: 9%
Magic:  5/5        EV: 11    Int:  4    God:    Trog [****..]
Gold:   1280       SH: 19    Dex: 10    Spells: 15/15 levels left

rFire   + + .        L - +2 broad axe (antimagic)
rCold   + . .        v - +2 tower shield
rNeg    . . .        G - +9 chain mail of Analysis {rPois rF+}
rPois   +            (helmet restricted)
rElec   .            E - scarf {rC+ rF+}
rCorr   +            j - +1 pair of gloves {Stlth+}
SInv    .            (no boots)
Will    +++..        k - amulet of the acrobat Stlth
                     o - ring of resist corrosion
HPRegen 1.46/turn    S - ring of poison resistance
MPRegen 0.09/turn

%: acrobat
@: mighty, about to teleport, weakened, strong-willed, regenerating
A: horns 2, retaliatory headbutt
a: Renounce Religion, Berserk, Trog's Hand, Brothers in Arms


You were on level 4 of the Snake Pit.
You worshipped Trog.
Trog was greatly pleased with you.
You visited 5 branches of the dungeon, and saw 24 of its levels.

You collected 1280 gold pieces.

Inventory:

Hand Weapons
 a - a +3 heavy hand axe
 n - a +0 executioner's axe of flaming
 F - the +2 war axe of Xaurinih {venom, rN+ Int+6 Dex-3}
   (You took it off a naga on level 2 of the Snake Pit)

   Int+6:     It affects your intelligence (+6).
   Dex-3:     It affects your dexterity (-3).
   rN+:       It protects you from negative energy.
 L - a +2 antimagic broad axe (weapon)
 T - the +8 hand axe of Ascent {flame, rN+ Str+4 Dex-3}
   (Trog gifted it to you on level 3 of the Lair of Beasts)

   Str+4:     It affects your strength (+4).
   Dex-3:     It affects your dexterity (-3).
   rN+:       It protects you from negative energy.
Armour
 j - a +1 pair of gloves of stealth (worn)
 v - a +2 tower shield (worn)
 E - a scarf of resistance (worn)
 G - the +9 chain mail of Analysis (worn) {rPois rF+}
   (You took it off an orc warrior on level 7 of the Dungeon)

   rF+:       It protects you from fire.
   rPois:     It protects you from poison
Jewellery
 k - an amulet of the acrobat (around neck)
 o - a ring of resist corrosion (left hand)
 y - a ring of positive energy
 S - a ring of poison resistance (right hand)
 V - a ring of ice
 X - a ring of protection from fire
 Z - a +6 ring of dexterity
Wands
 p - a wand of flame (13)
 x - a wand of digging (5)
 Y - a wand of polymorph (3)
Scrolls
 c - 2 scrolls of vulnerability
 d - 2 scrolls of summoning
 f - 3 scrolls of fear {unknown}
 h - 6 scrolls of enchant weapon
 i - 6 scrolls of immolation
 m - a scroll of torment {unknown}
 q - 3 scrolls of fog
 r - 4 scrolls of teleportation
 t - 3 scrolls of blinking {unknown}
 z - 4 scrolls of amnesia
 A - a scroll of identify
 H - 5 scrolls of enchant armour
 J - a scroll of silence {unknown}
 N - 4 scrolls of revelation
 Q - a scroll of poison {unknown}
 U - 3 scrolls of noise {unknown}
Potions
 b - 2 potions of enlightenment
 e - a potion of berserk rage {unknown}
 g - 3 potions of lignification
 l - 3 potions of curing
 s - a potion of might
 u - a potion of brilliance {unknown}
 w - 2 potions of attraction {unknown}
 B - a potion of invisibility {unknown}
 D - a potion of magic {unknown}
 K - a potion of cancellation {unknown}
 M - 2 potions of ambrosia
 O - a potion of haste {unknown}


   Skills:
 - Level 19.0 Fighting
 - Level 19.0 Axes
 + Level 15.0 Armour
 - Level 8.5 Dodging
 - Level 15.0 Shields


You had 15 spell levels left.
You didn't know any spells.
Your spell library was empty.

Dungeon Overview and Level Annotations

Branches:
Dungeon (12/15)            Temple (0/1) D:6            Lair (5/5) D:9
 Shoals (2/4) Lair:3        Snake (4/4) Lair:3        Slime (1/5) Lair:4
    Orc (0/2) D:9

Altars:
Fedhas
Gozag
Kikubaaqudgha
Makhleb
Qazlal
Ru
Sif Muna
Trog
Xom
Zin
Jiyva

Shops:
D:1 :   D:10 [   Shoals:2 (   Snake:2 :   Snake:3 =   Snake:4 :

Annotations:
Lair:1 Sonja


Innate Abilities, Weirdness & Mutations

You have a pair of horns on your head.
You reflexively headbutt those who attack you in melee.


Message History

Your surroundings suddenly seem different. 8 nagas and 2 black mambas come into view.
Found 19 gold pieces.
The naga mage shouts!
The nagaraja shouts!
The naga mage shouts!
The black mamba hisses angrily.
The naga mage shouts!
The naga warrior shouts!
The naga shouts!
You hear an angry hiss.
You hear a shout! x3
You hear an angry hiss.
The black mamba completely misses you. The black mamba closely misses you.
The naga mage casts a spell.
The naga mage seems to speed up.
You block the naga mage's attack.
A mana viper comes into view.
The naga mage moves out of view.
The mana viper hisses angrily.
You hear a shout! 2 nagas come into view.
The naga shouts! x2
The black mamba misses you. The naga mage spits poison at you.
You block the splash of poison. The black mamba misses you.
A salamander tyrant comes into view.
The nagaraja misses you.
You block the salamander mystic's attack.
You block the black mamba's attack.
As you read the scroll of teleportation, it crumbles to dust.
You feel strangely unstable. You block the black mamba's attack.
The naga mage casts a spell.
The naga mage seems to speed up.
The nagaraja mumbles some strange words.
The nagaraja seems to speed up.
The salamander tyrant gazes fiercely through you!
You feel your attacks grow feeble.
The salamander mystic gestures at the black mamba while chanting.
You block the black mamba's attack.
You hear an angry hiss.
You closely miss the black mamba. You hit the salamander mystic.
The salamander mystic's magic leaks into the air.
The salamander mystic's magic is no longer disrupted.
You block the nagaraja's attack.
The black mamba bites you but does no damage.
The nagaraja hits you from afar with a +0 halberd!
You die...

8. #..###### 8
+...N..##
###..
#......##N...N
#.NNN.N...
##.S#..#. #.@#
+N##


#SN #.. .N.. .$.# ...## ..# You could see a nagaraja (fast), a salamander tyrant
(fast), a salamander, 2 black mambas, 2 naga magi and 2 nagas.

Vanquished Creatures
  Vashnia (Snake:2)
  An acid blob (Lair:4)
  2 nagarajas
  Louise (Snake:3)
  A hydra (Lair:4)
  Fannar (Lair:3)
  Harold (Lair:2)
  A fire dragon (Lair:5)
  2 merfolk avatars
  Erica (D:8)
  6 anacondas
  A centaur warrior (D:9)
  3 boulder beetles
  8 naga warriors
  7 shock serpents
  A skyshark (Lair:3)
  The ghost of LabCoat the Trooper, a novice HOFi of Trog (D:7)
  13 naga sharpshooters
  Amaemon (Lair:1)
  7 sea snakes
  2 salamander mystics
  11 mana vipers
  A swamp dragon (Lair:5)
  5 naga ritualists
  2 ugly things (D:11)
  3 harpies (Lair:3)
  2 wolf spiders (Lair:5)
  A manticore (Shoals:1)
  6 salamanders
  2 fauns (Shoals:2)
  31 black mambas
  2 merfolk sirens
  Joseph (D:8)
  12 elephants
  4 guardian serpents
  12 naga magi
  14 cane toads
  3 rime drakes
  An orange demon (Lair:1)
  An unseen horror (D:11)
  Psyche (D:9)
  6 komodo dragons
  Maggie (D:8)
  3 merfolk
  4 polar bears
  3 hornets
  3 trolls
  A wind drake (Shoals:1)
  6 blink frogs
  7 dream sheep (Lair:2)
  2 spriggans (Lair:3)
  Sigmund (D:6)
  7 slime creatures
  55 yaks
  18 wyverns
  2 steam dragons (Lair:5)
  A redback (Lair:5)
  2 basilisks
  Menkaure (D:7)
  2 two-headed ogre zombies (D:9)
  35 nagas
  2 acid dragons (Lair:5)
  16 water moccasins
  Duvessa (D:5)
  A swamp drake (Lair:5)
  5 orc warriors
  4 ice beasts
  An ogre (D:5)
  20 wolves
  3 centaurs
  4 phantoms
  2 kobold brigands
  6 bullfrogs
  3 gnoll sergeants
  A scorpion (D:6)
  Dowan (D:5)
  2 troll zombies (D:9)
  8 killer bees
  5 howler monkeys
  An electric eel (D:10)
  A bombardier beetle (D:5)
  3 hounds
  3 iron imps (D:3)
  2 jellies
  9 orc priests
  A gnoll bouda (Lair:2)
  4 iguanas
  A hell rat (Lair:3)
  10 orc wizards
  4 ogre zombies (D:9)
  5 adders
  15 gnolls
  2 shadow imps
  3 white imps
  4 ribbon worms
  37 orcs
  7 ball pythons
  5 endoplasms
  2 giant cockroaches
  6 goblins
  9 hobgoblins
  3 jackals (D:5)
  3 quokkas
  6 bats
  A frilled lizard (D:2)
  4 gnoll skeletons (D:9)
  4 gnoll zombies (D:9)
  15 kobolds
  3 orc skeletons (D:9)
  14 orc zombies (D:9)
  2 rats
611 creatures vanquished.

Vanquished Creatures (collateral kills)
  3 naga sharpshooters
3 creatures vanquished.

Vanquished Creatures (others)
  A naga mage (Snake:3)
  A naga (Snake:3)
2 creatures vanquished.

Grand Total: 616 creatures vanquished

Notes
Turn   | Place    | Note
-------+----------+-------------------------------------------
     0 | D:1      | cowsaismoo the Minotaur Berserker began the quest for the
                  | Orb.
     0 | D:1      | Reached XP level 1. HP: 19/19 MP: 0/0
   891 | D:1      | Reached XP level 2. HP: 27/27 MP: 1/1
  1025 | D:1      | Found Gakhot's Book Shop.
  1246 | D:2      | Reached XP level 3. HP: 22/33 MP: 2/2
  1343 | D:2      | Reached skill level 5 in Axes
  1437 | D:2      | Reached ** piety under Trog
  1499 | D:2      | Found a faded altar of an unknown god.
  2330 | D:3      | Reached XP level 4. HP: 40/40 MP: 3/3
  2463 | D:3      | Found a shimmering altar of Xom.
  2594 | D:3      | Found a burning altar of Makhleb.
  2630 | D:3      | Reached XP level 5. HP: 46/46 MP: 4/4
  2844 | D:3      | Found a glowing silver altar of Zin.
  2930 | D:4      | Noticed a phantom
  2937 | D:4      | Killed a phantom
  3069 | D:4      | Reached XP level 6. HP: 39/52 MP: 5/5
  3708 | D:5      | Entered Level 5 of the Dungeon
  3783 | D:5      | Found a sacrificial altar of Ru.
  3817 | D:5      | Noticed Duvessa
  3817 | D:5      | Noticed Dowan
  3823 | D:5      | Killed Duvessa
  3831 | D:5      | Killed Dowan
  3832 | D:5      | Reached XP level 7. HP: 58/58 MP: 6/6
  3917 | D:5      | Reached skill level 10 in Axes
  4268 | D:5      | Reached skill level 5 in Fighting
  4528 | D:5      | Found a blossoming altar of Fedhas.
  4579 | D:5      | Reached XP level 8. HP: 69/69 MP: 7/7
  4693 | D:5      | Reached skill level 5 in Armour
  4751 | D:6      | Found a staircase to the Ecumenical Temple.
  4763 | D:6      | Reached *** piety under Trog
  4999 | D:6      | Found an ancient bone altar of Kikubaaqudgha.
  5001 | D:6      | Noticed Sigmund
  5013 | D:6      | Killed Sigmund
  5063 | D:6      | Found a stormy altar of Qazlal.
  5107 | D:6      | Identified the +6 sling of Tiggiph {flame, Will+ Dex+6}
  5464 | D:7      | Reached XP level 9. HP: 65/82 MP: 8/8
  5502 | D:7      | Found a bloodstained altar of Trog.
  5641 | D:7      | Found a shimmering blue altar of Sif Muna.
  5990 | D:7      | Found a runed translucent gate.
  5991 | D:7      | Found a runed translucent gate.
  5995 | D:7      | Found a runed translucent gate.
  5995 | D:7      | Identified the +9 chain mail of Analysis {rPois rF+}
  5996 | D:7      | Noticed LabCoat's ghost (novice HOFi)
  6042 | D:7      | Noticed Menkaure
  6056 | D:7      | Killed Menkaure
  6550 | D:7      | Killed LabCoat's ghost
  6668 | D:8      | Noticed Erica
  6682 | D:8      | Killed Erica
  6683 | D:8      | Reached XP level 10. HP: 91/91 MP: 9/9
  6704 | D:8      | Reached **** piety under Trog
  7168 | D:8      | Noticed Maggie
  7170 | D:8      | Noticed Joseph
  7201 | D:8      | Killed Maggie
  7203 | D:8      | Killed Joseph
  7642 | D:9      | Noticed Psyche
  7651 | D:9      | Killed Psyche
  7686 | D:9      | Reached skill level 15 in Axes
  7720 | D:9      | Reached ***** piety under Trog
  7777 | D:9      | Found a staircase to the Orcish Mines.
  8068 | D:9      | Found an opulent altar of Gozag.
  8162 | D:9      | Noticed a centaur warrior
  8174 | D:9      | Killed a centaur warrior
  8209 | D:9      | Found a staircase to the Lair.
  8333 | D:9      | You fall into a shaft and drop 3 floors!
  8404 | D:11     | Noticed a white ugly thing
  8416 | D:11     | Killed a white ugly thing
  8417 | D:11     | Reached XP level 11. HP: 80/97 MP: 10/10
  9223 | D:11     | Noticed a cyan ugly thing
  9241 | D:11     | Killed a cyan ugly thing
  9379 | D:11     | Noticed a skeletal warrior
  9379 | D:11     | Noticed a skeletal warrior
  9411 | D:10     | Entered Level 10 of the Dungeon
 10329 | D:10     | Found Usoxkad's Antique Armour Boutique.
 10981 | Lair:1   | Entered Level 1 of the Lair of Beasts
 11077 | Lair:1   | Noticed Amaemon
 11088 | Lair:1   | Killed Amaemon
 11089 | Lair:1   | Reached skill level 5 in Dodging
 11093 | Lair:1   | Reached skill level 10 in Fighting
 11800 | Lair:1   | Noticed Sonja
 11836 | Lair:1   | Noticed a boulder beetle
 11941 | Lair:1   | Reached skill level 1 in Shields
 11945 | Lair:1   | Reached XP level 12. HP: 47/112 MP: 11/11
 12444 | Lair:2   | Reached skill level 5 in Shields
 13405 | Lair:2   | Noticed Harold
 13470 | Lair:2   | Reached skill level 10 in Armour
 14156 | Lair:2   | Killed Harold
 15052 | Lair:2   | Reached skill level 10 in Shields
 15557 | Lair:3   | Identified the +8 hand axe of Ascent {flame, rN+ Str+4
                  | Dex-3} (Trog gifted it to you on level 3 of the Lair of
                  | Beasts)
 15557 | Lair:3   | Received a gift from Trog
 15616 | Lair:3   | Found a staircase to the Snake Pit.
 15644 | Lair:3   | Reached XP level 13. HP: 118/122 MP: 12/12
 15647 | Lair:3   | Found a bloodstained altar of Trog.
 15855 | Lair:3   | Noticed Fannar
 15866 | Lair:3   | Killed Fannar
 15976 | Lair:3   | Found a staircase to the Shoals.
 16312 | Shoals:1 | Entered Level 1 of the Shoals
 17594 | Shoals:2 | Reached skill level 15 in Fighting
 17691 | Shoals:2 | Found Anoloiri's Antique Weapon Shoppe.
 18208 | Lair:4   | Received a gift from Trog
 18531 | Lair:4   | Found a staircase to the Slime Pits.
 18531 | Lair:4   | Found a viscous altar of Jiyva.
 19160 | Lair:5   | Entered Level 5 of the Lair of Beasts
 19255 | Lair:5   | Reached XP level 14. HP: 124/135 MP: 4/13
 20369 | Lair:5   | Received a gift from Trog
 20637 | Slime:1  | Entered Level 1 of the Pits of Slime
 20641 | Slime:1  | Noticed an acid blob
 20667 | Slime:1  | Noticed an acid blob
 20668 | Slime:1  | Noticed an acid blob
 20668 | Slime:1  | Noticed a formless jellyfish
 20674 | Lair:4   | Killed an acid blob
 22710 | Snake:1  | Entered Level 1 of the Snake Pit
 24274 | Snake:1  | You fall into a shaft and drop 1 floor!
 24610 | Snake:2  | Identified the +2 war axe of Xaurinih {venom, rN+ Int+6
                  | Dex-3}
 24774 | Snake:2  | Noticed Vashnia
 24809 | Snake:2  | Killed Vashnia
 24818 | Snake:2  | Reached skill level 15 in Armour
 25346 | Snake:2  | Reached XP level 15. HP: 136/144 MP: 14/14
 26830 | Snake:2  | Found Yzod's Book Shop.
 27823 | Snake:2  | Noticed a nagaraja
 27837 | Snake:2  | Killed a nagaraja
 30234 | Snake:3  | Noticed Louise
 30290 | Snake:3  | Killed Louise
 31115 | Snake:3  | Found Cirenos's Jewellery Shop.
 31116 | Snake:3  | Noticed a nagaraja
 31127 | Snake:3  | Killed a nagaraja
 32286 | Snake:3  | Identified the +10 orcbow "Plog" {heavy, Will+}
 33138 | Snake:4  | Entered Level 4 of the Snake Pit
 33150 | Snake:4  | Reached XP level 16. HP: 160/160 MP: 5/15
 33159 | Snake:4  | Found Citay's Self-Published Books.
 33188 | Snake:4  | Reached skill level 15 in Shields
 33199 | Snake:4  | HP: 3/160 [naga sharpshooter/arrow (10)]
 33204 | Snake:4  | Slain by a nagaraja

Illustrated notes

Levels and vault maps discovered:
D:1:      amcnicky_arrival_double_pillar, layout_basic, serial_shops, shop
D:2:      layout_rooms, nicolae_ecumenical_lake_church, minmay_pentomino_w4
D:3:      layout_rooms, demons_altar, mainiacjoe_overflow_24_doors,
          zin_scriptorium, nrook_campfire, feat_on_display
D:4:      layout_basic, saegor_snake_ambush
D:5:      layout_loops_ring, hangedman_ru_absence, fedhas_altar_4,
          lightli_minifort, uniq_duvessa
D:6:      layout_rooms, mainiacjoe_overflow_paths, grunt_qazlal_clouds,
          minmay_temple_entry_mist, minivault_24, uniq_sigmund
D:7:      layout_basic, kennysheep_orc_sif_temple, amcnicky_altar_gilded,
          biasface_ghost_orc_armoury, enter_bailey_5, uniq_menkaure
D:8:      layout_basic, uniq_joseph, uniq_erica, uniq_maggie
D:9:      layout_loops_cross, mainiacjoe_overflow_chevrons, lair_entry_dummy,
          zombieorc2_lemuel, uniq_psyche
D:10:     layout_roguey, serial_shops, shop, fungi_pond_lemuel
D:11:     layout_loops_ring, kennysheep_nondescript
D:12:     layout_gridville, serial_shops, shop, ebering_ghost_inner_flame,
          gauntlet_entry_generic, serial_co_window_serial, co_window_corner_a,
          co_window_paths_b, co_window_corner_a, co_window_of_opportunity_a,
          co_window_corner_a, co_window_of_opportunity_a, co_window_paths_b,
          co_window_corner_a, co_window_corner_a, co_window_paths_c,
          co_window_corner_cb, co_window_2corner, co_window_broadway_c,
          co_window_unsneaky_path_b, co_window_corner_ca, co_window_2corner,
          co_window_paths_d, glass_columns_a
Lair:1:   layout_loops_ring, grunt_megastairs_5, uniq_amaemon, uniq_sonja
Lair:2:   layout_hall_layers, dreamdust_gnoll_shepherd, uniq_harold
Lair:3:   wad_woods_stonehenge, layout_big_grid, nicolae_shoals_entry_roost,
          dummy_snake_entry, uniq_fannar
Lair:4:   gammafunk_indiana_jones, layout_cellular_growth, slime_entry_1
Lair:5:   hangedman_lair_tendril_chambers, layout_loops_ring,
          guppyfry_lair_end_dragon, infiniplex_staircase_pool
Shoals:1: layout_shoals
Shoals:2: layout_shoals, serial_shops, nicolae_diamond_shop, shop,
          nicolae_shop_tiny_glass
Snake:1:  layout_chambers, hangedman_snake_thin_pillar_pass, uniq_roxanne
Snake:2:  layout_layer_cave, serial_shops, shop, uniq_vashnia
Snake:3:  nicolae_snake_shooting_gallery, layout_misc_corridors, serial_shops,
          shop, nrook_guardian_serpent_double, lemuel_fruit_tree, uniq_louise
Snake:4:  hellmonk_snake_rune_quicksilver_temple, layout_rooms, drop_trap,
          nicolae_custom_books, st_stairs_14, uniq_nikola
Slime:1:  layout_caves, cheibrodos_slime_lost_civilization_7

Skill      XL: |  1  2  3  4  5  6  7  8  9 10 11 12 13 14 15 16 |
---------------+-------------------------------------------------+-----
Axes           | 4 5 6 8 9 10 12 16 17 18 19 | 19.0
Fighting       | 5 8 9 12 13 15 16 19 | 19.0
Armour         | 4 7 9 11 13 15 | 15.0
Dodging        | 5 8 |  8.5
Shields        | 2 10 12 13 14 15 | 15.0

Action                     |  1- 3 |  4- 6 |  7- 9 | 10-12 | 13-15 | 16-18 || total
---------------------------+-------+-------+-------+-------+-------+-------++-------
  Melee: Hand axe          |    78 |    67 |   218 |   681 |   309 |       ||  1353
         Headbutt          |     8 |    12 |    42 |   144 |   234 |     8 ||   448
         Punch             |       |       |     2 |       |       |       ||     2
         Broad axe         |       |       |       |       |   597 |    27 ||   624
         Executioner's axe |       |       |       |       |   190 |       ||   190
 Invoke: Berserk           |     1 |     3 |     9 |    12 |    16 |       ||    41
         Trog's Hand       |       |       |     2 |     4 |     8 |     2 ||    16
         Brothers in Arms  |       |       |       |       |     2 |       ||     2
    Use: Scroll            |       |     6 |       |     7 |     6 |     2 ||    21
         Potion            |       |       |       |     2 |    10 |     3 ||    15
 Armour: Animal skin       |     9 |       |       |       |       |       ||     9
         Leather armour    |    22 |       |       |       |       |       ||    22
         Skin              |     1 |       |       |       |       |       ||     1
         Plate armour      |    27 |    41 |   130 |       |       |       ||   198
         Chain mail        |       |       |     3 |   433 |   662 |    50 ||  1148
  Dodge: Dodged            |    51 |    34 |   107 |   209 |   380 |    36 ||   817
  Block: Buckler           |       |       |    17 |       |       |       ||    17
         Tower shield      |       |       |       |   338 |   751 |    78 ||  1167
